 Dungeon Crawl Stone Soup version 0.28-a0-1236-gb25a51b929 (webtiles) character file.

Game seed: 9016024821887174023

1797 avis the Insei (level 9, -1/69 HPs)
             Began as an Octopode Transmuter on Dec 25, 2021.
             Slain by a gargoyle (15 damage)
             ... on level 7 of the Dungeon on Dec 26, 2021.
             The game lasted 00:41:48 (8600 turns).

avis the Insei (Octopode Transmuter)                Turns: 8600, Time: 00:41:50

Health: -1/69      AC:  7    Str: 13    XL:     9   Next: 9%
Magic:  7/15       EV: 11    Int: 15    God:
Gold:   40         SH:  5    Dex: 13    Spells: 8/16 levels left

rFire   x . .      SeeInvis .     - Unarmed
rCold   + + +      Faith    .   (shield currently unavailable)
rNeg    + . .      Spirit   .   (helmet currently unavailable)
rPois   +          Reflect  +   B - amulet of reflection
rElec   .          Harm     .   l - ring of positive energy
rCorr   .          Rampage  .   (no ring)
Will    .....                   (no ring)
Stlth   ++........              (no ring)
HPRegen 0.21/turn               (no ring)
MPRegen 0.14/turn               (no ring)
                                (no ring)
                                (no ring)

@: ice-form, very slightly contaminated
A: freezing attack, boosted hp, almost no armour, amphibious, 8 rings, large,
(camouflage 1), (gelatinous body 1), (nimble swimmer 1), (tentacles)
a: End Transformation


You were on level 7 of the Dungeon.
You were a creature of crystalline ice.
You visited 2 branches of the dungeon, and saw 8 of its levels.

You collected 265 gold pieces.
You spent 225 gold pieces at shops.

Inventory:

Hand Weapons
 a - the +10 war axe "Diyrhit" (melded) {drain, Will+ Int+3}
   (You found it on level 6 of the Dungeon)

   A truly terrible weapon, it drains the life of any living foe it strikes.
   Int:       It affects your intelligence (+3).
   Will:      It increases your willpower.
 b - a +0 hunting sling
 g - a +2 halberd of venom
 q - a +0 flail of protection
 w - a +0 long sword of protection
Missiles
 o - 121 stones
 s - 51 sling bullets
 t - 9 javelins
Armour
 D - a +0 kite shield
Jewellery
 l - a ring of positive energy (left front paw)
 y - an amulet of magic regeneration
 B - an amulet of reflection (around neck)
Wands
 A - a wand of polymorph (8)
Scrolls
 d - 2 scrolls of brand weapon
 e - a scroll of fear {unknown}
 h - a scroll of vulnerability {unknown}
 j - a scroll of enchant armour {unknown}
 k - a scroll of enchant weapon {unknown}
 p - a scroll of acquirement {unknown}
 r - a scroll of fog {unknown}
 v - a scroll of summoning {unknown}
 z - a scroll of magic mapping {unknown}
 C - a scroll of teleportation {unknown}
Potions
 c - 2 potions of magic
 f - 4 potions of curing
 i - a potion of mutation
 m - a potion of brilliance
 n - a potion of resistance
 u - 2 potions of haste
 x - 2 potions of flight


   Skills:
 - Level 4.0 Fighting
 - Level 4.0 Dodging
 - Level 2.0 Stealth
 * Level 7.7 Unarmed Combat
 - Level 4.0 Spellcasting
 - Level 4.0 Transmutations
 - Level 4.0 Ice Magic
 - Level 2.0 Poison Magic


You had 8 spell levels left.
You knew the following spells:

 Your Spells              Type           Power      Damage    Failure   Level
a - Beastly Appendage     Tmut           30%        N/A       3%          1
p - Spider Form           Tmut/Pois      12%        N/A       16%         3
q - Ice Form              Ice/Tmut       15%        N/A       34%         4

Your spell library contained the following spells:

 Spells                   Type           Power      Damage    Failure   Level
 Wereblood                Tmut           15%        N/A       5%          2
 Ozocubu's Armour         Ice            15%        N/A       11%         3
 Ensorcelled Hibernation  Hex/Ice        18%        N/A       12%         2
 Gell's Gravitas          Tloc           3%         N/A       47%         3
 Lesser Beckoning         Tloc           3%         N/A       47%         3
 Teleport Other           Tloc           3%         N/A       47%         3
 Metabolic Englaciation   Hex/Ice        4%         N/A       91%         5
 Simulacrum               Ice/Necr       4%         N/A       100%        6


Dungeon Overview and Level Annotations

Branches:
Dungeon (7/15)             Temple (1/1) D:5

Altars:
Ashenzari
Cheibriados
Dithmenos
Hepliaklqana
Kikubaaqudgha
Makhleb
Nemelex Xobeh
Okawaru
Qazlal
Sif Muna
Trog
Vehumet
Wu Jian
Xom
Yredelemnul
Zin
The Shining One

Shops:
D:5 :*((

Annotations:
D:3 3 runed translucent doors, leviel's ghost, amateur HOFi


Innate Abilities, Weirdness & Mutations

You are a creature of crystalline ice.
You have a powerful freezing melee attack.
Your maximum health is increased.
Your armour is entirely melded.
You are incapable of wielding weapons or throwing items.
You cannot wear most types of armour.
You are amphibious.
You can wear up to eight rings at the same time.
((Your skin changes colour to match your surroundings (Stealth+).))
((Your rubbery body absorbs attacks. (AC +1, EV +1)))
((You are camouflaged when in or above water. (Stealth+)))
((You have tentacles for arms and can constrict up to eight enemies at once.))


Message History

The orc priest calls down the wrath of Beogh upon you.
Beogh smites you!
The gargoyle hurls a stone arrow at you.
The stone arrow misses you.
The orc priest shouts!
The orc priest miscasts a cantrip.
The gargoyle hurls a stone arrow at you.
The stone arrow misses you.
You hear a shout!
The orc priest begins to cast a cantrip, but forgets the words!
The gargoyle hurls a stone arrow at you.
The stone arrow hits you!!
You hear a shout!
Okay, then.
Casting: Beastly Appendage (safe; 2% risk of failure)
Confirm with . or Enter, or press ? or * to list all spells.
Okay, then.
Casting: Beastly Appendage (safe; 2% risk of failure)
Confirm with . or Enter, or press ? or * to list all spells.
The spell is quite dangerous to miscast (28% risk of failure)!
Continue anyway?
You miscast Ice Form.
You are very lightly contaminated with residual magic.
Nothing appears to happen.
Casting: Ice Form (quite dangerous; 28% risk of failure)
Confirm with . or Enter, or press ? or * to list all spells.
The spell is quite dangerous to miscast (28% risk of failure)!
Continue anyway?
You turn into a creature of crystalline ice.
The +10 war axe "Diyrhit" {drain, Will+ Int+3} melds into your body.
You hit the gargoyle but do no damage. You block the gargoyle's attack.
You punch the gargoyle! You freeze the gargoyle.
The gargoyle is moderately damaged.
The gargoyle hits you with a +2 mace of protection.
You hit the gargoyle but do no damage.
The gargoyle is moderately damaged.
The orc priest invokes the aid of Beogh against you.
Beogh smites you!
* * * LOW HITPOINT WARNING * * *
The orc priest closely misses you.
The gargoyle hits you with a +2 mace of protection!
You die...

#..... ... #.....# # .....[ # #.#
#.....# ..
##########.#..###.....#.###.
...........................$.
#..........##..##oo..########
#.######### ##.##....# #.#
#.....# #..#....# #.#####.#.#
##o#o...# ######### #.......#.#
#.Y9...# #........ #..######.#
##.....# #........ #..######.#
#.....####........ #..#......#
#.>...............
#..#.####################........
#................................
##.#...#################.######.#
.......# #.# #.# ...#..## #.# #.#


You could see a gargoyle, 2 orc priests and 2 orcs.

Vanquished Creatures
  A water moccasin (D:5)
  An orc warrior (D:6)
  2 sky beasts
  A necrophage (D:5)
  4 ogres
  A phantom (D:4)
  A kobold brigand (D:6)
  A bullfrog (D:4)
  3 scorpions
  A water moccasin skeleton (D:6)
  3 jellies
  A bullfrog skeleton (D:5)
  2 orc priests
  A hound (D:6)
  A gnoll shaman (D:7)
  4 iguanas
  2 killer bee zombies
  6 gnolls
  A howler monkey skeleton (D:6)
  4 adders
  A worm (D:3)
  2 dart slugs
  8 orcs
  7 endoplasms
  3 giant cockroaches
  9 goblins
  4 hobgoblins
  4 jackals
  7 kobolds
  3 quokkas
  4 ball pythons
  A bat (D:2)
  13 frilled lizards
  5 rats
112 creatures vanquished.

Notes
Turn   | Place    | Note
-------+----------+-------------------------------------------
     0 | D:1      | avis the Octopode Transmuter began the quest for the Orb.
     0 | D:1      | Reached XP level 1. HP: 13/13 MP: 3/3
   107 | D:1      | Reached skill level 1 in Stealth
   322 | D:1      | Reached XP level 2. HP: 19/19 MP: 3/5
   585 | D:1      | Found a faded altar of an unknown god.
  1259 | D:2      | Found a bloodstained altar of Trog.
  1308 | D:2      | Reached XP level 3. HP: 12/22 MP: 4/6
  1447 | D:2      | Learned a level 3 spell: Spider Form
  2779 | D:3      | Reached XP level 4. HP: 31/31 MP: 5/7
  3327 | D:3      | Found a runed translucent gate.
  3327 | D:3      | Found a runed translucent gate.
  3328 | D:3      | Found a runed translucent gate.
  3329 | D:3      | Noticed leviel's ghost (amateur HOFi)
  3470 | D:3      | Reached skill level 4 in Unarmed Combat
  4027 | D:4      | Found a glowing golden altar of the Shining One.
  4138 | D:4      | Reached XP level 5. HP: 36/36 MP: 8/8
  4445 | D:4      | Noticed an ogre
  4455 | D:4      | Killed an ogre
  4456 | D:4      | Reached skill level 5 in Unarmed Combat
  4456 | D:4      | Reached skill level 1 in Poison Magic
  4456 | D:4      | Reached XP level 6. HP: 10/42 MP: 3/9
  4806 | D:4      | Learned a level 4 spell: Ice Form
  4867 | D:5      | Entered Level 5 of the Dungeon
  5426 | D:5      | Reached XP level 7. HP: 19/46 MP: 7/10
  5626 | D:4      | Reached skill level 6 in Unarmed Combat
  5893 | D:5      | Found Vexaevvum's Weapon Shop.
  5894 | D:5      | Found Awkiar's Weapon Emporium.
  5929 | D:5      | Found Edghueru's Assorted Antiques.
  6044 | D:5      | Reached skill level 7 in Unarmed Combat
  6245 | D:5      | Reached XP level 8. HP: 54/54 MP: 8/11
  6344 | D:5      | Found Genojes's Book Boutique.
  6376 | D:5      | Found a staircase to the Ecumenical Temple.
  6382 | Temple   | Entered the Ecumenical Temple
  6695 | D:6      | Reached skill level 1 in Ice Magic
  7883 | D:6      | Identified the +10 war axe "Diyrhit" {drain, Will+ Int+3}
  7947 | D:5      | Bought a scroll of identify for 50 gold pieces
  7947 | D:5      | Bought a scroll of identify for 50 gold pieces
  7947 | D:5      | Bought a thick peridot amulet for 125 gold pieces
  8242 | D:7      | Reached XP level 9. HP: 42/58 MP: 15/15
  8572 | D:7      | Found an ornate altar of the Wu Jian Council.
  8581 | D:7      | Noticed a gargoyle
  8600 | D:7      | Slain by a gargoyle

Illustrated notes

Levels and vault maps discovered:
D:1:      eino_arrival_water_star, layout_basic,
          hellmonk_ecumenical_altar_slurped_away
D:2:      layout_rooms, basic_altar, minmay_lizard_pond
D:3:      layout_basic, gammafunk_ghost_necromancy,
          nicolae_concentric_dashed_squares_wild
D:4:      layout_rooms, kennysheep_mini, dk_noncrumbling_2
D:5:      layout_rooms, temple_green, serial_shops, shop, kennysheep_mini_moat,
          nicolae_shop_crystal, shop, serial_curves, eino_curves_04,
          eino_curves_01, eino_curves_03, eino_curves_01
D:6:      layout_loops_cross
D:7:      layout_basic, mainiacjoe_overflow_large_starburst
Temple:   minmay_freezing_vapour_temple

Skill      XL: |  1  2  3  4  5  6  7  8 |
---------------+-------------------------+-----
Stealth        | 1 2 |  2.0
Fighting       | 2 3 4 |  4.0
Unarmed Combat | 4 5 7 |  7.7
Dodging        | 3 4 |  4.0
Poison Magic   | 1 2 |  2.0
Transmutations | 3 4 |  4.0
Ice Magic      | 4 |  4.0
Spellcasting   | 4 |  4.0

Action                   |  1- 3 |  4- 6 |  7- 9 || total
-------------------------+-------+-------+-------++-------
Melee: Unarmed           |    89 |    67 |   110 ||   266
       Kick              |    20 |     5 |    10 ||    35
       Constrict         |    23 |     7 |     7 ||    37
       Tentacles         |    10 |     8 |     8 ||    26
       Punch             |     3 |     2 |     1 ||     6
       War axe           |       |       |    16 ||    16
 Fire: Hunting sling     |       |    31 |    29 ||    60
 Cast: Beastly Appendage |    34 |    16 |    11 ||    61
       Spider Form       |     1 |     6 |    20 ||    27
       Ice Form          |       |       |     1 ||     1
  Use: Scroll            |       |       |     9 ||     9
       Potion            |       |       |     1 ||     1
 Stab: Sleeping          |     9 |     2 |     3 ||    14
       Distracted        |       |       |     1 ||     1
Armor: Skin              |     5 |     2 |     3 ||    10
Dodge: Dodged            |    53 |    49 |    85 ||   187
Block: Other             |       |       |     4 ||     4

Table legend: (Time is in decaauts)
 A = Elapsed time spent in this place.
 B = Non-inter-level travel time spent in this place.
 C = Inter-level travel time spent in this place.
 D = Time resting spent in this place.
 E = Time spent auto-exploring this place.
 F = Levels seen in this place.
 G = Mean time per level.
                   A        B        C        D        E       F      G
               +--------+--------+--------+--------+--------+-----+--------+
         Total |   8600 |   7972 |    628 |   3496 |   2797 |   8 | 1075.0 |
       Dungeon |   8577 |   7949 |    628 |   3496 |   2797 |   7 | 1225.3 |
        Temple |     23 |     23 |      0 |      0 |      0 |   1 |   23.0 |
               +--------+--------+--------+--------+--------+-----+--------+

Top non-repeatable levels by time:
     D:4: 1928 daAuts
     D:6: 1418 daAuts
     D:2: 1365 daAuts
     D:1: 1356 daAuts
     D:3: 1064 daAuts
     D:5: 976 daAuts
     D:7: 467 daAuts
  Temple: 23 daAuts
